 Dungeon Crawl Stone Soup version 0.20.1-1-g8b1a95d66d (webtiles) character file.

83 LarsH the Shield-Bearer (level 4, 0/29 HPs)
             Began as a Gargoyle Fighter on Nov 17, 2017.
             Slain by Crazy Yiuf
             ... wielding a +3 quarterstaff of chaos
              (12 damage)
             ... on level 2 of the Dungeon.
             The game lasted 00:03:54 (1777 turns).

LarsH the Shield-Bearer (Gargoyle Fighter)          Turns: 1777, Time: 00:03:55

Health: 0/29       AC: 10    Str: 25    XL:     4   Next: 44%
Magic:  0/4        EV:  8    Int:  8    God:
Gold:   116        SH: 10    Dex: 10    Spells: 3/3 levels left

rFire    . . .     SeeInvis .   a - +0 flail
rCold    . . .     Gourm    .   c - +0 shield
rNeg     + . .     Faith    .   b - +0 scale mail
rPois    ∞         Spirit   .   (no helmet)
rElec    +         Reflect  .   e - scarf {repulsion}
rCorr    .         Harm     .   (no gloves)
MR       .....                  (no boots)
Stlth    ..........             (no amulet)
Regen    0.1/turn               (no ring)
MPRegen  0.1/turn               (no ring)

@: mighty, repel missiles
A: negative energy resistance 1, electricity resistance, unbreathing,
petrification resistance, rot immunity, AC +3
a: no special abilities


You were on level 2 of the Dungeon.
You were not hungry.

You visited 1 branch of the dungeon, and saw 2 of its levels.

You collected 116 gold pieces.

Inventory:

Hand Weapons
 a - a +0 flail (weapon)
Armour
 b - a +0 scale mail (worn)
 c - a +0 shield (worn)
 e - a scarf of repulsion (worn)
Scrolls
 i - 2 scrolls of enchant armour {unknown}
 j - 3 scrolls of identify {unknown}
 k - a scroll of teleportation {unknown}
 l - a scroll of remove curse {unknown}
 o - a scroll of fear {unknown}
Comestibles
 f - 2 bread rations
 g - a chunk of flesh
 h - a royal jelly
 m - a meat ration
 n - 3 fruits


   Skills:
 + Level 3.7 Fighting
 + Level 3.0 Maces & Flails
 + Level 3.8 Armour
 + Level 0.4 Dodging
 + Level 4.1 Shields


You had 3 spell levels left.
You didn't know any spells.

Dungeon Overview and Level Annotations

Branches:
Dungeon (2/15)

Altars:

Annotations:
D:2 Crazy Yiuf


Innate Abilities, Weirdness & Mutations

You are resistant to torment.
Your stone body is resilient. (AC +3)
You are immune to poison.
You resist negative energy. (rN+)
You are resistant to electric shocks. (rElec)
You can survive without breathing.
You are immune to petrification.
You are immune to rotting.


Message History

Crazy Yiuf is moderately wounded.
Crazy Yiuf hits you but does no damage.
You hit Crazy Yiuf.
Crazy Yiuf is moderately wounded.
You block Crazy Yiuf's attack.
You barely miss Crazy Yiuf.
Crazy Yiuf is moderately wounded.
Crazy Yiuf hits you with a quarterstaff of chaos!
You feel your power leaking away.
You feel very mighty all of a sudden.
Crazy Yiuf screams, "Paint!"
You block Crazy Yiuf's attack.
You barely miss Crazy Yiuf.
Crazy Yiuf is moderately wounded.
You block Crazy Yiuf's attack.
You barely miss Crazy Yiuf.
Crazy Yiuf is moderately wounded.
Crazy Yiuf hits you but does no damage.
Crazy Yiuf hits you with a quarterstaff of chaos!
You die...

#....#
#....#
#....#
#....# #####
#....# #)..#
#....# #...#
###########
#.g.#
#..........
#@#
#.#########
♣.♣♣ #.#
#....# ♣♣.♣
#.# #....#
♣.♣♣ #.#
#....# ♣♣.♣
#.# #....#
♣♣.♣♣ #.#
#....#
♣♣...♣
##.####....#
♣....♣
#..........#
#....#
#......#####


You could see Crazy Yiuf.

Vanquished Creatures
  2 adders (D:2)
  3 worms (D:2)
  2 dart slugs (D:1)
  2 giant cockroaches (D:2)
  2 goblins (D:1)
  11 hobgoblins
  7 jackals
  A quokka (D:2)
  A ball python (D:2)
  4 bats (D:2)
  6 frilled lizards
  3 kobolds (D:1)
  6 rats
50 creatures vanquished.

Notes
Turn   | Place    | Note
-------+----------+-------------------------------------------
     0 | D:1      | LarsH the Gargoyle Fighter began the quest for the Orb.
     0 | D:1      | Reached XP level 1. HP: 14/14 MP: 1/1
    34 | D:1      | Reached XP level 2. HP: 17/19 MP: 2/2
   362 | D:1      | Reached XP level 3. HP: 23/23 MP: 3/3
   600 | D:2      | Found a runed door.
   727 | D:2      | Reached skill level 4 in Shields
   965 | D:2      | Reached XP level 4. HP: 28/28 MP: 4/4
  1769 | D:2      | Noticed Crazy Yiuf
  1777 | D:2      | Slain by Crazy Yiuf

Skill      XL: |  1  2  3  4 |
---------------+-------------+-----
Shields        | 4 |  4.1
Maces & Flails | 3 |  3.0
Fighting       | |  3.7
Armour         | |  3.8
Dodging        | |  0.4

Action                   |  1- 3 |  4- 6 || total
-------------------------+-------+-------++-------
Melee: Flail             |   145 |    72 ||   217
  Use: Potion            |       |     1 ||     1
  Eat: Chunk             |     1 |     2 ||     3
Armor: Scale mail        |    84 |    35 ||   119
Dodge: Dodged            |    52 |    12 ||    64
       Deflected         |     2 |       ||     2
Block: Shield            |    77 |    42 ||   119
